 Dungeon Crawl Stone Soup version 0.22.1-6-g1668fe2 (console) character file.

5262 potiron the Cleaver (level 10, 0/96 HPs)
             Began as a Minotaur Fighter on Jan 16, 2019.
             Was a Believer of Makhleb.
             Killed by the air
             ... invoked by Gastronok
              (30 damage)
             ... on level 8 of the Dungeon.
             The game lasted 00:20:22 (6098 turns).

potiron the Cleaver (Minotaur Fighter)              Turns: 6098, Time: 00:20:23

Health: 0/96       AC: 12    Str: 30    XL:     10   Next: 36%
Magic:  12/12      EV:  9    Int:  5    God:    Makhleb [**....]
Gold:   370        SH: 12    Dex:  9    Spells: 9/9 levels left

rFire    . . .     SeeInvis .   a - +0 war axe
rCold    . . .     Gourm    .   c - +0 shield
rNeg     . . .     Faith    .   y - +0 chain mail
rPois    .         Spirit   .   (helmet restricted)
rElec    .         Reflect  .   (no cloak)
rCorr    +         Harm     .   (no gloves)
MR       +....                  k - +0 pair of boots
Stlth    ..........             (no amulet)
HPRegen  0.26/turn              x - ring of resist corrosion
MPRegen  0.13/turn              s - ring of protection from magic

@: mighty
A: retaliatory headbutt, horns 2, camouflage 1, robust 1
a: Minor Destruction, Renounce Religion


You were on level 8 of the Dungeon.
You worshipped Makhleb.
Makhleb was pleased with you.
You were not hungry.

You visited 2 branches of the dungeon, and saw 9 of its levels.

You collected 480 gold pieces.
You spent 110 gold pieces at shops.

Inventory:

Hand Weapons
 a - a +0 war axe (weapon)
 p - a +1 whip of flaming
Missiles
 d - 2 steel tomahawks (quivered)
Armour
 c - a +0 shield (worn)
 k - a +0 pair of boots (worn)
 y - a +0 chain mail (worn)
Jewellery
 s - a ring of protection from magic (right hand)
 x - a ring of resist corrosion (left hand)
Wands
 b - a wand of flame (67)
Scrolls
 g - 14 scrolls of identify
 h - 2 scrolls of fear {unknown}
 i - 4 scrolls of enchant armour {unknown}
 m - 5 scrolls of remove curse {unknown}
 n - 2 scrolls of blinking {unknown}
 o - 2 scrolls of magic mapping
 t - 3 scrolls of amnesia {unknown}
 u - 10 scrolls of teleportation {unknown}
 v - a scroll of immolation {unknown}
 w - a scroll of random uselessness {unknown}
 A - a scroll of fog {unknown}
Potions
 e - 2 potions of curing
 j - a potion of flight
 r - a potion of agility {unknown}
 z - 4 potions of heal wounds
Comestibles
 f - 15 rations
 B - 8 chunks of flesh


   Skills:
 + Level 7.8 Fighting
 + Level 10.6 Axes
 + Level 1.4 Throwing
 + Level 8.1 Armour
 + Level 3.7 Dodging
 + Level 9.1 Shields
 * Level 4.5 Evocations


You had 9 spell levels left.
You didn't know any spells.
Your spell library contained the following spells:

 Spells                   Type           Power        Failure   Level  Hunger
 Confusing Touch          Hex            #.....       99%         1    ##.....
 Confuse                  Hex            #.......     100%        3    ####...
 Gell's Gravitas          Tloc           #.........   100%        3    ####...
 Petrify                  Tmut/Erth      #.......     100%        4    #####..
 Metabolic Englaciation   Hex/Ice        #.........   100%        5    ######.
 Yara's Violent Unravell  Hex/Tmut       #.........   100%        5    ######.


Dungeon Overview and Level Annotations

Branches:
Dungeon (8/15)             Temple (1/1) D:6
   Lair: D:8-11

Altars:
Ashenzari
Cheibriados
Dithmenos
Elyvilon
Fedhas
Gozag
Hepliaklqana
Kikubaaqudgha
Makhleb
Nemelex Xobeh
Okawaru
Qazlal
Ru
Sif Muna
Trog
Uskayaw
Vehumet
Wu Jian
Yredelemnul
Zin
The Shining One

Shops:
D:4 =   D:7 (?!%*   D:8 }

Annotations:
D:8 Gastronok


Innate Abilities, Weirdness & Mutations

You reflexively headbutt those who attack you in melee.
You have a pair of horns on your head.
Your skin changes colour to match your surroundings (Stealth+).
You are robust. (+10% HP)


Message History

The yak closely misses you. You furiously retaliate!
You headbutt the yak! You completely miss the yak.
The yak is moderately wounded.
You barely miss the yak.
The yak is moderately wounded.
You block the yak's attack.
Gastronok casts a spell.
Gastronok puts on a burst of speed!
The yak gores you!
* * * LOW HITPOINT WARNING * * *
You slice the yak!! You headbutt the yak.
You kill the yak!
Makhleb accepts your kill.
You feel better.
You closely miss the yak. The yak barely misses you.
You slice the yak!! You headbutt the yak.
The yak is severely wounded.
You block the yak's attack.
Gastronok waves his eye-stalks in wide circles.
The air twists around and strikes you!
You die...

##### ###########...#
#...))........#
#.#########...# #.#
##†## #.# #.#########
#.##########..........
#).............)#####
##..############@#
....# #Y# ###)# #Y#
###.# #o### ....#
#wo.# ##### ###.#
#o.Y####.# #.........#
........Y##.##.#


You could see Gastronok, 2 yaks and 2 orcs.

Vanquished Creatures
  Pikel (D:8)
  Psyche (D:8)
  A hippogriff (D:7)
  4 yaks (D:8)
  Grum (D:8)
  2 sky beasts
  7 orc warriors
  2 ogres
  A phantom (D:7)
  An ice beast (D:6)
  2 wolves (D:8)
  2 centaurs
  2 big kobolds
  4 bullfrogs
  3 scorpions
  8 killer bees
  A bullfrog zombie (D:6)
  6 crimson imps
  A centaur zombie (D:6)
  A bullfrog skeleton (D:6)
  7 orc priests
  3 hounds
  2 jellies (D:7)
  A centaur skeleton (D:7)
  2 iguanas
  5 orc wizards
  6 worker ants
  A killer bee zombie (D:6)
  5 adders
  A shadow imp (D:7)
  An ooze (D:4)
  2 adder zombies
  3 worms
  3 dart slugs
  4 leopard geckos
  33 orcs
  3 ball pythons
  7 bats
  6 giant cockroaches
  7 goblins
  8 hobgoblins
  7 jackals
  4 quokkas
  3 frilled lizards
  12 kobolds
  A quokka skeleton (D:7)
  7 rats
195 creatures vanquished.

Vanquished Creatures (others)
  3 slaves (D:8)
  A quasit (D:8)
  A worker ant (D:8)
  2 kobolds (D:8)
7 creatures vanquished.

Grand Total: 202 creatures vanquished

Notes
Turn   | Place    | Note
-------+----------+-------------------------------------------
     0 | D:1      | potiron the Minotaur Fighter began the quest for the Orb.
     0 | D:1      | Reached XP level 1. HP: 19/19 MP: 0/0
   161 | D:1      | Reached XP level 2. HP: 26/27 MP: 1/1
   362 | D:1      | Reached XP level 3. HP: 30/33 MP: 2/2
   760 | D:2      | Reached skill level 3 in Axes
  1333 | D:2      | Reached XP level 4. HP: 37/40 MP: 3/3
  1690 | D:3      | Noticed a big kobold
  1695 | D:3      | Killed a big kobold
  1695 | D:3      | Reached skill level 4 in Axes
  1695 | D:3      | Reached skill level 1 in Dodging
  1695 | D:3      | Reached skill level 5 in Shields
  1695 | D:3      | Reached XP level 5. HP: 46/46 MP: 4/4
  1910 | D:4      | Noticed an ogre
  1919 | D:4      | Killed an ogre
  1919 | D:4      | Reached skill level 5 in Axes
  1919 | D:4      | Reached XP level 6. HP: 36/53 MP: 5/5
  2080 | D:4      | Found Taank's Jewellery Boutique.
  2087 | D:4      | Bought a cursed amulet of inaccuracy for 28 gold pieces
  2235 | D:5      | Entered Level 5 of the Dungeon
  2424 | D:5      | Reached skill level 6 in Axes
  2432 | D:5      | Reached XP level 7. HP: 60/60 MP: 6/6
  2470 | D:5      | Gained mutation: You are robust. (+10% HP) [potion of
                  | mutation]
  2470 | D:5      | Gained mutation: Your skin changes colour to match your
                  | surroundings (Stealth+). [potion of mutation]
  2481 | D:5      | HP: 3/99 [sky beast (6)]
  2482 | D:5      | Reached skill level 1 in Throwing
  2482 | D:5      | Reached skill level 5 in Armour
  2484 | D:5      | Reached skill level 5 in Fighting
  2491 | D:5      | Reached skill level 7 in Axes
  3171 | D:5      | Reached XP level 8. HP: 63/74 MP: 7/7
  3399 | D:6      | Reached skill level 8 in Axes
  3399 | D:6      | Reached skill level 1 in Evocations
  3701 | D:6      | Found a staircase to the Ecumenical Temple.
  3724 | Temple   | Entered the Ecumenical Temple
  3900 | Temple   | Became a worshipper of Makhleb the Destroyer
  4370 | D:6      | Reached XP level 9. HP: 52/85 MP: 9/9
  4432 | D:6      | Reached skill level 9 in Axes
  4785 | D:7      | Found Mudo Ekh's Weapon Boutique.
  4828 | D:7      | Reached * piety under Makhleb
  4838 | D:7      | Found Yhamic's Magic Scroll Shop.
  4847 | D:7      | Bought a scroll of magic mapping for 52 gold pieces
  4847 | D:7      | Bought a scroll of identify for 30 gold pieces
  4890 | D:7      | Found Deybbife's Assorted Antiques.
  4899 | D:7      | Found Xaco's Food Shop.
  5148 | D:7      | Found Idiruwet's Distillery.
  5447 | D:8      | Noticed Pikel
  5472 | D:8      | Killed Pikel
  5472 | D:8      | Reached skill level 10 in Axes
  5634 | D:8      | Found Asmef's Gadget Boutique.
  5667 | D:8      | Noticed a two-headed ogre
  5769 | D:8      | Noticed Grum
  5784 | D:8      | Killed Grum
  5784 | D:8      | Reached XP level 10. HP: 83/94 MP: 11/11
  5926 | D:8      | Noticed Psyche
  5939 | D:8      | Killed Psyche
  5961 | D:8      | Reached ** piety under Makhleb
  6005 | D:8      | Noticed Gastronok
  6098 | D:8      | Killed from afar by Gastronok

Skill      XL: |  1  2  3  4  5  6  7  8  9 10 |
---------------+-------------------------------+-----
Shields        | 4 5 6 7 8 9 |  9.1
Fighting       | 4 5 6 7 |  7.8
Armour         | 4 5 6 7 8 |  8.1
Axes           | 3 4 5 6 7 8 10 | 10.6
Dodging        | 1 2 3 |  3.7
Throwing       | 1 |  1.4
Evocations     | 2 3 4 |  4.5

Action                   |  1- 3 |  4- 6 |  7- 9 | 10-12 || total
-------------------------+-------+-------+-------+-------++-------
Melee: War axe           |   112 |   105 |   343 |   111 ||   671
       Headbutt          |    15 |    16 |    59 |    12 ||   102
Throw: Tomahawk          |       |     9 |     2 |     3 ||    14
Evoke: Wand              |       |       |     5 |     3 ||     8
  Use: Potion            |       |     3 |     7 |     2 ||    12
  Eat: Chunk             |     1 |     4 |     7 |     2 ||    14
       Ration            |       |       |     1 |       ||     1
Armor: Scale mail        |    48 |    26 |       |       ||    74
       Skin              |       |    11 |    33 |     8 ||    52
       Chain mail        |       |     7 |   108 |    19 ||   134
Dodge: Dodged            |    34 |    40 |    93 |    12 ||   179
Block: Shield            |    55 |    60 |   222 |    49 ||   386
